 Dungeon Crawl Stone Soup version 0.28.0-1-gb440e238dd (webtiles) character file.

Game seed: 5180287395816726633

42 fknight the Chopper (level 3, 0/33 HPs)
             Began as a Hill Orc Monk on Feb 21, 2022.
             Slain by a goblin (8 damage)
             ... led by Robin
             ... on level 2 of the Dungeon.
             The game lasted 00:04:24 (1368 turns).

fknight the Chopper (Hill Orc Monk)                 Turns: 1368, Time: 00:04:25

Health: 0/33       AC:  2    Str: 15    XL:     3   Next: 54%
Magic:  3/3        EV: 12    Int: 10    God:
Gold:   99         SH:  0    Dex: 13    Spells: 2/2 levels left

rFire   . . .      SeeInvis .   a - +0 hand axe
rCold   . . .      Faith    .   (no shield)
rNeg    . . .      Spirit   .   b - +0 robe
rPois   .          Reflect  .   (no helmet)
rElec   .          Harm     .   (no cloak)
rCorr   .          Rampage  .   (no gloves)
Will    .....                   (no boots)
Stlth   ++........              (no amulet)
HPRegen 0.11/turn               (no ring)
MPRegen 0.08/turn               (no ring)

@: no status effects
A: no striking features
a: no special abilities


You were on level 2 of the Dungeon.
You visited 1 branch of the dungeon, and saw 2 of its levels.

You collected 99 gold pieces.

Inventory:

Hand Weapons
 a - a +0 hand axe (weapon)
Missiles
 e - 6 poisoned darts
 f - 49 stones (quivered)
Armour
 b - a +0 robe (worn)
Jewellery
 d - an amulet of faith
Scrolls
 h - a scroll of noise
Potions
 c - a potion of flight {unknown}
 g - a potion of invisibility {unknown}


   Skills:
 + Level 4.3 Fighting
 + Level 4.5 Axes
 + Level 0.2 Throwing
 + Level 2.9 Dodging
 + Level 1.6 Stealth


You had 2 spell levels left.
You didn't know any spells.
Your spell library was empty.

Dungeon Overview and Level Annotations

Branches:
Dungeon (2/15)

Altars:

Annotations:
D:2 Robin


Message History

You are no longer poisoned.
You now have 78 gold pieces (gained 9).
You now have 95 gold pieces (gained 17).
You start resting.
HP restored.
You now have 99 gold pieces (gained 4).
Found a dagger. 2 goblins come into view.
A goblin comes into view. It is wielding a +0 dagger.
Robin of the Strong Arm comes into view.
They are wielding a +1 short sword of freezing.
A goblin comes into view. It is wielding a +0 club.
The goblin shouts! x2; Robin shouts!
The goblin shouts!
You hear a shout! x2
Robin roars a battlecry!
The goblins go into a battle-frenzy!
A goblin comes into view.
It is wielding a +0 dagger of electrocution.
The goblin shouts!
You hit the goblin.
You kill the goblin!
Robin throws the goblin at you!
A goblin comes into view. It is wielding a +0 dagger.
The goblin hits you with a +0 dagger of electrocution.
Robin throws the goblin at you!
A hobgoblin comes into view.
The goblin hits you with a +0 dagger.
A hobgoblin comes into view.
The goblin unwields a +0 dagger.
The goblin wields a +0 hunting sling.
The goblin shoots a stone.
The stone hits you.
You hit the goblin but do no damage. You hit the goblin.
The goblin hits you with a +0 dagger of electrocution.
You are electrocuted!
The goblin unwields a +0 hunting sling.
The goblin wields a +0 dagger.
The goblin hits you but does no damage.
You barely miss the goblin. x2
The goblin hits you with a +0 dagger of electrocution.
* * * LOW HITPOINT WARNING * * *
The goblin closely misses you.
A goblin comes into view. It is wielding a +0 dagger.
The goblin hits you with a +0 dagger of electrocution.
* * * LOW HITPOINT WARNING * * *
You are electrocuted!
You die...

## #. ######.#####
........... .........#
#......)#
#......g#####g#
#......g@.....#
#.....gg#####.#
#.......)g.gg.g
#.......#####g#
####.##.# #.##.# #
#.##.#####.#
########.##........
#####......#..........#


You could see 5 goblins.

Vanquished Creatures
  An adder (D:2)
  2 bats (D:1)
  An endoplasm (D:2)
  A giant cockroach (D:1)
  4 goblins
  6 hobgoblins
  3 jackals (D:1)
  A quokka (D:1)
  A ball python (D:1)
  A frilled lizard (D:1)
  3 kobolds (D:1)
  5 rats (D:1)
29 creatures vanquished.

Notes
Turn   | Place    | Note
-------+----------+-------------------------------------------
     0 | D:1      | fknight the Hill Orc Monk began the quest for the Orb.
     0 | D:1      | Reached XP level 1. HP: 19/19 MP: 1/1
   211 | D:1      | Found a faded altar of an unknown god.
   216 | D:1      | Reached XP level 2. HP: 25/27 MP: 2/2
   993 | D:1      | Reached XP level 3. HP: 33/33 MP: 3/3
  1361 | D:2      | Noticed Robin
  1368 | D:2      | Slain by a goblin

Illustrated notes

Levels and vault maps discovered:
D:1:      dpeg_arrival_rooms_with_view, layout_rooms,
          chequers_ecumenical_altar_island, dk_noncrumbling_3
D:2:      layout_loops_ring, uniq_robin

Skill      XL: |  1  2 |
---------------+-------+-----
Fighting       | 4 |  4.3
Axes           | |  4.5
Throwing       | |  0.2
Dodging        | |  2.9
Stealth        | |  1.6

Action                   || total
-------------------------++-------
Melee: Hand axe          ||    84
       Punch             ||     2
Throw: Stone             ||    15
  Use: Scroll            ||     3
 Stab: Sleeping          ||     2
Armor: Robe              ||    16
Dodge: Dodged            ||    57
